 Dungeon Crawl Stone Soup version 0.30-a0-263-ge22c4ad894 (webtiles) character file.

Game seed: 6503385705508336882

405 gzilladon the Cleaver (level 6, -8/55 HPs)
             Began as a Hill Orc Monk on Oct 13, 2022.
             Was a Believer of Beogh.
             Killed from afar by a steam dragon (18 damage)
             ... with a ball of steam
             ... on level 5 of the Dungeon.
             The game lasted 00:10:45 (3397 turns).

gzilladon the Cleaver (Hill Orc Monk)               Turns: 3397, Time: 00:10:45

Health: -8/55      AC:  6    Str: 16    XL:     6   Next: 87%
Magic:  6/6        EV: 10    Int: 10    God:    Beogh [**....]
Gold:   299        SH:  0    Dex: 13    Spells: 5/5 levels left

rFire   . . .      SeeInvis .    A - +2 hand axe (vamp)
rCold   . . .      Faith    .    (no shield)
rNeg    . . .      Spirit   .    d - +0 scale mail
rPois   .          Reflect  .    (no helmet)
rElec   .          Harm     .    (no cloak)
rCorr   .          Rampage  .    (no gloves)
Will    .....                    (no boots)
Stlth   ..........               (no amulet)
HPRegen 0.29/turn                (no ring)
MPRegen 0.10/turn                (no ring)

@: confused, ambrosia-drunk
A: no striking features
a: Renounce Religion, Smiting


You were on level 5 of the Dungeon.
You worshipped Beogh.
Beogh was pleased with you.
You visited 1 branch of the dungeon, and saw 5 of its levels.

You collected 299 gold pieces.

Inventory:

Hand Weapons
 a - a +0 hand axe
 w - a +0 hand axe of distortion
 A - a +2 vampiric hand axe (weapon)
Missiles
 f - 2 poisoned darts (quivered)
 p - 21 stones
Armour
 b - a +0 robe
 d - a +0 scale mail (worn)
 v - a +0 plate armour
Jewellery
 y - a ring of ice
Wands
 k - a wand of roots (7)
 x - a wand of polymorph (19)
Scrolls
 e - a scroll of enchant armour {unknown}
 g - 7 scrolls of identify {unknown}
 h - a scroll of acquirement {unknown}
 i - 3 scrolls of poison {unknown}
 j - a scroll of magic mapping {unknown}
 o - a scroll of blinking {unknown}
 q - 3 scrolls of vulnerability {unknown}
 s - a scroll of summoning {unknown}
Potions
 c - a potion of ambrosia
 l - 3 potions of curing {unknown}
 m - 2 potions of degeneration {unknown}
 n - a potion of heal wounds {unknown}
 r - a potion of lignification {unknown}
 t - 2 potions of invisibility {unknown}
 u - a potion of might {unknown}
 z - a potion of magic {unknown}


   Skills:
 + Level 4.8 Fighting
 * Level 8.3 Axes
 + Level 2.1 Armour
 + Level 2.7 Dodging
 + Level 1.7 Stealth


You had 5 spell levels left.
You didn't know any spells.
Your spell library contained the following spells:

 Spells                   Type           Power      Damage    Failure   Level
 Apportation              Tloc           0%         N/A       80%         1
 Necrotise                Necr           0%         1d4       80%         1
 Summon Small Mammal      Summ           0%         N/A       80%         1


Dungeon Overview and Level Annotations

Branches:
Dungeon (5/15)
 Temple: D:4-7

Altars:
Hepliaklqana
Okawaru

Shops:
D:4 *


Message History

You hit the jackal.
You kill the jackal!
Beogh accepts your kill.
You hit the jackal.
You kill the jackal!
Beogh accepts your kill.
You see here a jackal corpse.
Found 13 gold pieces.
You now have 299 gold pieces (gained 13).
A steam dragon comes into view.
The steam dragon hisses angrily.
You hear an angry hiss.
An iguana comes into view.
The steam dragon breathes steam at you. The ball of steam hits you!
You are engulfed in a cloud of scalding steam.
You are engulfed in a cloud of scalding steam.
You are engulfed in a cloud of scalding steam.
The steam dragon breathes steam at you. The ball of steam misses you.
You barely miss the steam dragon. The steam dragon bites you.
The steam dragon closely misses you.
You completely miss the steam dragon. You hit the iguana.
You feel better.
You hit the steam dragon but do no damage.
You hit the iguana. The iguana bites you!
* * * LOW HITPOINT WARNING * * *
The steam dragon bites you but does no damage.
The steam dragon closely misses you.
You hit the steam dragon.
You feel better.
The steam dragon is lightly wounded.
You closely miss the iguana.
You are engulfed in a cloud of scalding steam.
* * * LOW HITPOINT WARNING * * *
The steam dragon bites you but does no damage.
The steam dragon barely misses you. The iguana bites you!
* * * LOW HITPOINT WARNING * * *
You are confused.
You feel invigorated. The steam dragon breathes steam at you.
The ball of steam hits you!!
You die...

....... ###.# .... .......
...##.... #......
........#. #.##.##
#......... # #. #.........
# # #### #...#..... .....
#..# #.D........ ....
##..####.@l........####...
#.........................
##..#####§....... ........
#........................
#..###.#§§#####...#.##...
#..###.#..#####...#.##...
#....................#...
#...............#....#...
#....#.#...##.#.#....#)..


You could see a steam dragon (catching breath) and an iguana.

Vanquished Creatures
  A water moccasin (D:5)
  2 necrophages
  A scorpion (D:5)
  An orc wizard (D:4)
  2 adders
  A white imp (D:4)
  A worm (D:3)
  A dart slug (D:3)
  4 orcs
  8 endoplasms
  5 giant cockroaches
  5 goblins
  7 hobgoblins
  7 jackals
  4 quokkas
  7 ball pythons
  3 bats
  3 kobolds
  8 rats
71 creatures vanquished.

Vanquished Creatures (others)
  An adder (D:4)
  An ufetubus (D:4)
  A goblin (D:4)
3 creatures vanquished.

Grand Total: 74 creatures vanquished

Notes
Turn   | Place    | Note
-------+----------+-------------------------------------------
     0 | D:1      | gzilladon the Hill Orc Monk began the quest for the Orb.
     0 | D:1      | Reached XP level 1. HP: 19/19 MP: 1/1
   291 | D:1      | Reached XP level 2. HP: 27/27 MP: 2/2
  1027 | D:2      | Reached XP level 3. HP: 33/33 MP: 3/3
  1729 | D:3      | Reached skill level 5 in Axes
  1827 | D:3      | Reached XP level 4. HP: 33/40 MP: 4/4
  1952 | D:3      | Reached skill level 1 in Armour
  2385 | D:4      | Found Teor's Overcharged Wands.
  2388 | D:4      | Noticed an orc warrior
  2391 | D:4      | Became a worshipper of Beogh the Brigand
  2391 | D:4      | Reached * piety under Beogh
  2391 | D:4      | Reached ** piety under Beogh
  2558 | D:4      | Noticed a necrophage
  2579 | D:4      | Killed a necrophage
  2580 | D:4      | Reached skill level 6 in Axes
  2580 | D:4      | Reached XP level 5. HP: 31/47 MP: 5/5
  2728 | D:4      | Found an iron altar of Okawaru.
  2928 | D:5      | Entered Level 5 of the Dungeon
  2957 | D:5      | Found a hazy altar of Hepliaklqana.
  2969 | D:5      | Reached skill level 7 in Axes
  2969 | D:5      | Reached XP level 6. HP: 26/53 MP: 6/6
  3079 | D:5      | Noticed a water moccasin
  3092 | D:5      | Killed a water moccasin
  3093 | D:5      | Reached skill level 8 in Axes
  3388 | D:5      | Noticed a steam dragon
  3397 | D:5      | Killed from afar by a steam dragon

Illustrated notes

Levels and vault maps discovered:
D:1:      lightli_arrival_chessboard, layout_loops_corners,
          kennysheep_minor_cross
D:2:      layout_basic
D:3:      layout_loops_cross
D:4:      layout_rooms, okawaru_ov_weapons_minmay, dreamdust_wishing_well,
          nicolae_shop_overcharged_wands
D:5:      layout_basic, mainiacjoe_overflow_alcove_1, serial_rivers,
          chequers_serial_rivers_room_b, chequers_serial_rivers_small_a,
          chequers_serial_rivers_small_a, chequers_serial_rivers_micro_b,
          chequers_serial_rivers_large_b, uniq_eustachio, uniq_menkaure

Skill      XL: |  1  2  3  4  5  6 |
---------------+-------------------+-----
Fighting       | 4 |  4.8
Axes           | 5 6 7 8 |  8.3
Armour         | 1 2 |  2.1
Dodging        | |  2.7
Stealth        | |  1.7

Action                   |  1- 3 |  4- 6 || total
-------------------------+-------+-------++-------
Melee: Hand axe          |   142 |   126 ||   268
       Punch             |       |     2 ||     2
Invok: Convert to Beogh  |       |     1 ||     1
  Use: Potion            |       |     1 ||     1
 Stab: Sleeping          |     1 |       ||     1
Armor: Scale mail        |    56 |    45 ||   101
       Robe              |     1 |       ||     1
Dodge: Dodged            |    93 |    64 ||   157

Table legend: (Time is in decaauts)
 A = Elapsed time spent in this place.
 B = Non-inter-level travel time spent in this place.
 C = Inter-level travel time spent in this place.
 D = Time resting spent in this place.
 E = Time spent auto-exploring this place.
 F = Levels seen in this place.
 G = Mean time per level.
                   A        B        C        D        E       F      G
               +--------+--------+--------+--------+--------+-----+--------+
         Total |   3401 |   2917 |    484 |    517 |      0 |   5 |  680.2 |
       Dungeon |   3401 |   2917 |    484 |    517 |      0 |   5 |  680.2 |
               +--------+--------+--------+--------+--------+-----+--------+

Top non-repeatable levels by time:
     D:1: 934 daAuts
     D:2: 756 daAuts
     D:3: 702 daAuts
     D:4: 544 daAuts
     D:5: 463 daAuts
